 Dungeon Crawl Stone Soup version 0.30-b1-2-g02819fbbbe (webtiles) character file.

Game seed: 6739027197658045044

789 Armakuni the Conjurer (level 7, -2/40 HPs)
             Began as a Deep Elf Artificer on May 12, 2023.
             Killed from afar by Maggie (16 damage)
             ... with a bolt of fire
             ... on level 6 of the Dungeon on May 13, 2023.
             The game lasted 00:14:16 (4425 turns).

Armakuni the Conjurer (Deep Elf Artificer)          Turns: 4425, Time: 00:14:17

Health: -2/40      AC:  5    Str: 23    XL:     7   Next: 56%
Magic:  5/10       EV: 12    Int: 16    God:
Gold:   315        SH:  0    Dex: 15    Spells: 2/8 levels left

rFire   . . .        a - +2 whip (elec)
rCold   . . .        (no shield)
rNeg    . . .        f - +0 leather armour
rPois   .            (no helmet)
rElec   .            (no cloak)
rCorr   .            (no gloves)
SInv    .            g - +1 pair of boots
Will    .....        (no amulet)
Stlth   ++           S - +6 ring of strength
HPRegen 0.26/turn    V - +6 ring of strength
MPRegen 0.12/turn

%: no passive effects
@: studying Invocations
A: no striking features
a: no special abilities


You were on level 6 of the Dungeon.
You visited 1 branch of the dungeon, and saw 6 of its levels.

You collected 315 gold pieces.

Inventory:

Hand Weapons
 a - a +2 whip of electrocution (weapon)
 z - a +0 quarterstaff
Missiles
 n - 10 poisoned darts
Armour
 f - a +0 leather armour (worn)
 g - a +1 pair of boots (worn)
 i - a +0 ring mail
Jewellery
 S - a +6 ring of strength (left hand)
 V - a +6 ring of strength (right hand)
Wands
 c - a wand of charming (28)
 v - a wand of flame (9)
 A - a wand of light (10)
Scrolls
 b - 2 scrolls of teleportation
 d - 2 scrolls of poison
 k - a scroll of butterflies
 q - 3 scrolls of identify
 u - a scroll of vulnerability {unknown}
 w - a scroll of magic mapping
 x - 2 scrolls of noise
 y - a scroll of fear {unknown}
Potions
 e - 3 potions of curing
 h - 2 potions of haste
 l - 3 potions of lignification {unknown}
 m - a potion of ambrosia {unknown}
 o - a potion of invisibility {unknown}
 p - 2 potions of attraction {unknown}
 r - a potion of magic {unknown}
 s - 2 potions of berserk rage {unknown}
 t - 2 potions of degeneration {unknown}
 X - 2 potions of mutation


   Skills:
 + Level 2.5 Fighting
 - Level 0.7 Armour
 - Level 2.4 Dodging
 - Level 1.2 Stealth
 - Level 1.0 Spellcasting
 + Level 5.8 Conjurations
 - Level 5.0 Air Magic
 - Level 3.9 Evocations


You had 2 spell levels left.
You knew the following spells:

 Your Spells              Type           Power      Damage    Failure   Level
h - Swiftness             Air            16%        N/A       10%         3
s - Shock                 Conj/Air       72%        1d7       2%          1
z - Searing Ray           Conj           38%        2d5       3%          2

Your spell library contained the following spells:

 Spells                   Type           Power      Damage    Failure   Level
 Magic Dart               Conj           76%        1d6       2%          1
 Static Discharge         Conj/Air       36%        2-4/arc   4%          2
 Airstrike                Air            8%         2d(2-18)  32%         4
 Ozocubu's Armour         Ice            0%         N/A       61%         3
 Fulminant Prism          Conj/Hex       5%         3d7       61%         4
 Summon Lightning Spire   Summ/Air       8%         N/A       67%         4
 Metabolic Englaciation   Hex/Ice        0%         N/A       100%        5
 Simulacrum               Ice/Necr       0%         N/A       100%        6


Dungeon Overview and Level Annotations

Branches:
Dungeon (6/15)             Temple (0/1) D:6

Altars:
Yredelemnul

Annotations:
D:6 Maggie


Message History

Aim: Maggie, wielding a +2 glaive of distortion and wearing +0 swamp dragon scales (asleep)
The mass of ice explodes!
The iceblast engulfs Maggie!
Maggie is lightly wounded.
Maggie shouts!
The now-empty wand crumbles to dust.
You hear a shout!
Aiming: Bolt of Light
Press: ? - help, Shift-Dir - straight line, f/p - Maggie
Aim: Maggie, wielding a +2 glaive of distortion and wearing +0 swamp dragon scales (lightly wounded, 77% to hit)
The bolt of light hits Maggie!
Maggie is moderately wounded.
Maggie is blinded.
You hear an angry hiss.
Aiming: Searing Ray (safe; 3% risk of failure)
Press: ? - help, Q - select action, (/) - cycle Shift-Dir - straight line, f/p - Maggie
Aim: Maggie, wielding a +2 glaive of distortion and wearing +0 swamp dragon scales (moderately wounded, blind, 81% to hit)
The searing ray hits Maggie.
Maggie is moderately wounded. (Press . to maintain the ray.)
An adder comes into view.
A wight comes into view. It is wielding a +2 trident.
The searing ray misses Maggie.
A wight comes into view. It is wielding a +3 short sword.
Maggie closely misses you.
A wight comes into view. It is wielding a +2 short sword.
Aiming: Bolt of Light
Press: ? - help, Shift-Dir - straight line, f/p - Maggie
Aim: Maggie, wielding a +2 glaive of distortion and wearing +0 swamp dragon scales (moderately wounded, blind, 77% to hit)
The bolt of light hits Maggie!
Maggie is severely wounded.
The bolt of light hits the wight!!
You destroy the wight!
Maggie hits you from afar with a +2 glaive of distortion!!
Ouch! That really hurt!
Space warps around you.
Maggie points at the adder and mumbles some strange words.
The bolt of fire hits the adder!!
The adder dies!
The bolt of fire hits you!
You die...

......>.....|
####.........# #
..#..⌠...⌠..#.z.
###.............#
#...#.....@...# .. #.
#...##.##.##.## ..##.#
#..........#.#
......###............#
......#.......@....###
......#.#.####.###.#
........#..# #.# .#
...........# #.# .#
........^..###.# ..
.^...^......##.# .#
........^.....##.#
#..^^...^......#.#
.....^...........


You could see Maggie (blind).

Vanquished Creatures
  A black bear (D:4)
  An ogre (D:5)
  A phantom (D:5)
  A bullfrog (D:6)
  A scorpion (D:4)
  A wight (D:6)
  A jelly (D:4)
  A hound (D:5)
  An orc priest (D:5)
  3 iguanas
  2 orc wizards (D:5)
  A hound zombie (D:2)
  3 adders
  An adder zombie (D:2)
  3 worms
  3 dart slugs
  8 orcs
  12 ball pythons
  4 bats
  4 endoplasms
  2 giant cockroaches
  8 hobgoblins
  6 quokkas
  3 frilled lizards
  3 goblins
  7 kobolds
  6 rats
88 creatures vanquished.

Vanquished Creatures (others)
  An adder (D:6)
  A plant (D:1)
  2 withered plants (D:2)
4 creatures vanquished.

Grand Total: 92 creatures vanquished

Notes
Turn   | Place    | Note
-------+----------+-------------------------------------------
     0 | D:1      | Armakuni the Deep Elf Artificer began the quest for the
                  | Orb.
     0 | D:1      | Reached XP level 1. HP: 11/11 MP: 3/3
    28 | D:1      | Reached skill level 1 in Fighting
   158 | D:1      | Reached XP level 2. HP: 16/16 MP: 4/4
   445 | D:1      | Learned a level 1 spell: Shock
   755 | D:2      | Found a faded altar of an unknown god.
   766 | D:2      | Reached XP level 3. HP: 17/20 MP: 4/6
   817 | D:2      | Reached skill level 1 in Spellcasting
   817 | D:2      | Reached skill level 1 in Conjurations
  1454 | D:2      | Reached XP level 4. HP: 20/25 MP: 7/7
  1676 | D:3      | Found a basalt altar of Yredelemnul.
  2224 | D:4      | Noticed a black bear
  2234 | D:4      | Killed a black bear
  2235 | D:4      | Reached XP level 5. HP: 20/29 MP: 4/8
  2490 | D:4      | Reached skill level 5 in Conjurations
  2582 | D:4      | Learned a level 2 spell: Searing Ray
  2600 | D:4      | Learned a level 3 spell: Swiftness
  2810 | D:4      | Reached skill level 1 in Air Magic
  2810 | D:4      | Reached XP level 6. HP: 30/34 MP: 3/9
  2996 | D:5      | Entered Level 5 of the Dungeon
  3786 | D:5      | Reached XP level 7. HP: 38/38 MP: 4/10
  4056 | D:5      | Reached skill level 5 in Air Magic
  4412 | D:6      | Found a staircase to the Ecumenical Temple.
  4415 | D:6      | Noticed Maggie
  4425 | D:6      | Killed from afar by Maggie

Illustrated notes

Levels and vault maps discovered:
D:1:      minmay_arrival_shattered_statue, layout_basic, serial_bayou_lake_a
D:2:      layout_loops_ring, serial_undead, serial_undead_a, serial_undead_b,
          serial_undead_b, serial_undead_b, ebering_ecumenical_altar_webs
D:3:      layout_rooms, mainiacjoe_overflow_24_doors
D:4:      layout_cave_pools
D:5:      layout_basic
D:6:      layout_basic, minmay_temple_entry_large_hall, serial_demonic,
          serial_demonic_g, serial_demonic_a, serial_demonic_b,
          serial_demonic_d, serial_demonic_d, serial_demonic_d,
          serial_demonic_g, serial_demonic_g, serial_demonic_f,
          serial_demonic_a, grunt_ministairs_13, minmay_holes, uniq_maggie

Skill      XL: |  1  2  3  4  5  6  7 |
---------------+----------------------+-----
Fighting       | 1 2 |  2.5
Spellcasting   | 1 |  1.0
Conjurations   | 2 4 5 |  5.8
Air Magic      | 1 4 5 |  5.0
Armour         | |  0.7
Dodging        | |  2.4
Stealth        | |  1.2
Evocations     | |  3.9

Action                     |  1- 3 |  4- 6 |  7- 9 || total
---------------------------+-------+-------+-------++-------
  Melee: Whip              |       |    35 |       ||    35
   Fire: Sling             |   147 |    26 |       ||   173
   Cast: Shock             |       |    33 |       ||    33
         Searing Ray       |       |    17 |     7 ||    24
  Evoke: Wand              |     4 |     6 |     3 ||    13
    Use: Scroll            |     3 |    11 |       ||    14
 Armour: Leather armour    |    28 |    33 |     3 ||    64
  Dodge: Dodged            |    55 |    59 |    12 ||   126
